 Dungeon Crawl Stone Soup version 0.29.1-2-gbd0b4ee654 (webtiles) character file.

Game seed: 15281257838218022823

136 MisterFreud the Twirler (level 5, -1/41 HPs)
             Began as a Formicid Gladiator on Oct 27, 2022.
             Slain by a gnoll
             ... wielding a +0 spear
              (2 damage)
             ... on level 4 of the Dungeon.
             The game lasted 00:03:09 (3294 turns).

MisterFreud the Twirler (Formicid Gladiator)        Turns: 3294, Time: 00:03:10

Health: -1/41      AC:  8    Str: 21    XL:     5   Next: 43%
Magic:  5/5        EV:  8    Int:  7    God:
Gold:   113        SH:  0    Dex: 15    Spells: 4/4 levels left

rFire   . . .      SeeInvis +   a - +0 quarterstaff
rCold   . . .      Faith    .   (no shield)
rNeg    . . .      Spirit   .   g - +0 chain mail
rPois   .          Reflect  .   (helmet unavailable)
rElec   .          Harm     .   (no cloak)
rCorr   .          Rampage  .   (no gloves)
Will    .....                   (no boots)
Stlth   ..........              (no amulet)
HPRegen 0.13/turn               (no ring)
MPRegen 0.09/turn               (no ring)

@: no status effects
A: permanent stasis, dig shafts and tunnels, antennae 3, four strong arms
a: Dig, Shaft Self


You were on level 4 of the Dungeon.
You visited 1 branch of the dungeon, and saw 4 of its levels.

You collected 113 gold pieces.

Inventory:

Hand Weapons
 a - a +0 quarterstaff (weapon)
Missiles
 c - 3 throwing nets (quivered)
 d - a javelin
 k - 3 boomerangs
Armour
 b - a +1 leather armour
 g - a +0 chain mail (worn)
Scrolls
 i - a scroll of noise {unknown}
 m - a scroll of fog
Potions
 e - a potion of magic {unknown}
 f - 2 potions of might {unknown}
 h - a potion of invisibility {unknown}
 j - 2 potions of berserk rage {unknown}
 l - a potion of curing


   Skills:
 + Level 3.3 Fighting
 + Level 3.9 Staves
 + Level 3.0 Throwing
 + Level 3.4 Dodging


You had 4 spell levels left.
You didn't know any spells.
Your spell library contained the following spells:

 Spells                   Type           Power      Damage    Failure   Level
 Sandblast                Erth           0%         2d4       99%         1
 Passwall                 Tmut/Erth      0%         N/A       100%        2
 Stone Arrow              Conj/Erth      0%         3d7       100%        3


Dungeon Overview and Level Annotations

Branches:
Dungeon (4/15)
 Temple: D:4-7

Altars:
Makhleb
Lugonu

Portals:
Abyss: D:3

Annotations:
D:2 Terence
D:3 2 runed translucent doors


Innate Abilities, Weirdness & Mutations

You cannot be hasted, slowed, berserked, paralysed or teleported.
You can dig through walls and to a lower floor.
You have a pair of large antennae on your head. (SInv)
Your four strong arms can wield two-handed weapons with a shield.


Message History

The gnoll hits you with a +2 vampiric whip.
The gnoll hits you from afar with a +0 spear.
You hit the gnoll but do no damage.
The gnoll is lightly wounded.
The gnoll hits you with a +2 vampiric whip.
The gnoll draws strength from your wounds!
The gnoll completely misses you.
You hit the gnoll but do no damage.
The gnoll is lightly wounded.
The gnoll closely misses you.
The gnoll hits you from afar with a +0 spear.
You hit the gnoll.
The gnoll is heavily wounded.
The gnoll hits you with a +2 vampiric whip.
The gnoll draws strength from your wounds!
The gnoll hits you from afar with a +0 spear.
You sock the gnoll!
You kill the gnoll!
The gnoll hits you from afar with a +0 spear.
The gnoll hits you with a +0 spear. The gnoll hits you but does no damage.
Things that are here:
a +2 vampiric whip; a gnoll corpse You barely miss the gnoll.
The gnoll hits you but does no damage. The gnoll hits you with a +0 spear.
* * * LOW HITPOINT WARNING * * *
The gnoll hits you but does no damage. The gnoll hits you with a +0 spear.
* * * LOW HITPOINT WARNING * * *
You hit the gnoll.
The gnoll is moderately wounded.
The gnoll hits you but does no damage.
The gnoll hits you from afar with a +0 spear!
* * * LOW HITPOINT WARNING * * *
Okay, then.
Okay, then.
Unknown command.
Unknown command.
Are you sure you want to shaft yourself?
The gnoll hits you but does no damage.
The gnoll hits you from afar with a +0 spear.
You die...

#..# ##..# #..#
##.# .. ##.#
##..##..#
.........###
...........#####
......gg..g....#
#.#..##.##g#####
# #.. #.##@# ...
#.##.# ...
#.##<# .. #.#
... #.# #.# #.#
#.#


You could see 2 gnolls.

Vanquished Creatures
  A hound (D:4)
  A gnoll (D:4)
  2 adders (D:2)
  2 worms
  3 dart slugs
  4 orcs
  5 endoplasms
  A giant cockroach (D:1)
  2 goblins
  9 hobgoblins
  8 jackals
  A quokka (D:2)
  8 ball pythons
  4 bats
  4 frilled lizards
  3 kobolds
  4 rats
62 creatures vanquished.

Notes
Turn   | Place    | Note
-------+----------+-------------------------------------------
     0 | D:1      | MisterFreud the Formicid Gladiator began the quest for the
                  | Orb.
     0 | D:1      | Reached XP level 1. HP: 16/16 MP: 1/1
   128 | D:1      | Found a faded altar of an unknown god.
   136 | D:1      | Reached XP level 2. HP: 21/23 MP: 2/2
   729 | D:1      | Reached XP level 3. HP: 15/28 MP: 3/3
  1628 | D:2      | Reached XP level 4. HP: 29/34 MP: 4/4
  2098 | D:2      | Noticed Terence
  2108 | D:2      | You fall into a shaft and drop 1 floor!
  2478 | D:3      | Found a burning altar of Makhleb.
  2641 | D:3      | Found a large runed translucent door.
  2642 | D:3      | Found a large runed translucent door.
  2643 | D:3      | Found a corrupted altar of Lugonu.
  3020 | D:3      | Found a one-way gate to the infinite horrors of the Abyss.
  3103 | D:4      | Reached XP level 5. HP: 33/41 MP: 5/5
  3293 | D:4      | HP: 1/41 [gnoll/+0 spear (7)]
  3294 | D:4      | Slain by a gnoll

Illustrated notes

Levels and vault maps discovered:
D:1:      psy_arrival_basics, layout_loops_cross,
          shapermc_ecumenical_altar_venn, hangedman_decor_clover_reticule
D:2:      minmay_chambers_of_ones, layout_basic, uniq_terence
D:3:      due_chaos_kobolds, layout_loops_ring, mainiacjoe_overflow_24_doors
D:4:      minmay_skewed_foursquare, layout_basic, palyth_stone_intersect,
          uniq_menkaure

Skill      XL: |  1  2  3  4  5 |
---------------+----------------+-----
Dodging        | 3 |  3.4
Fighting       | 3 |  3.3
Throwing       | 3 |  3.0
Staves         | |  3.9

Action                   |  1- 3 |  4- 6 || total
-------------------------+-------+-------++-------
Melee: Quarterstaff      |   108 |   107 ||   215
       Punch             |     2 |     2 ||     4
 Abil: Shaft Self        |       |     2 ||     2
  Use: Scroll            |     4 |     1 ||     5
       Potion            |       |     2 ||     2
Armor: Leather armour    |    37 |       ||    37
       Chain mail        |     1 |    67 ||    68
Dodge: Dodged            |    70 |    54 ||   124
